 Dungeon Crawl Stone Soup version 0.27.1-2-g3b301248ec (webtiles) character file.

Game seed: 8359433416401588873

233 Borgoz the Skirmisher (level 6, 39/39 HPs)
             Began as a Gargoyle Berserker on Sept 26, 2021.
             Was a Believer of Trog.
             Quit the game on level 3 of the Dungeon.
             The game lasted 00:03:36 (3539 turns).

Borgoz the Skirmisher (Gargoyle Berserker)          Turns: 3539, Time: 00:03:37

Health: 39/39      AC: 13    Str: 20    XL:     6   Next: 4%
Magic:  6/6        EV: 10    Int:  8    God:    Trog [**....]
Gold:   105        SH:  0    Dex: 11    Spells: 5/5 levels left

rFire    . . .     SeeInvis .   a - +0 mace
rCold    . . .     Faith    .   (no shield)
rNeg     + . .     Spirit   +   c - +0 scale mail
rPois    ∞         Reflect  .   (no helmet)
rElec    +         Harm     .   (no cloak)
rCorr    .         Rampage  .   m - +0 pair of gloves
Will     .....                  d - +0 pair of boots
Stlth    ..........             h - amulet of guardian spirit
HPRegen  0.13/turn              (no ring)
MPRegen  0.10/turn              (no ring)

@: no status effects
A: sickness immunity, AC +4, negative energy resistance 1, electricity
resistance, torment resistance 1, petrification resistance
a: Renounce Religion, Berserk, Trog's Hand


You were on level 3 of the Dungeon.
You worshipped Trog.
Trog was pleased with you.
You visited 1 branch of the dungeon, and saw 3 of its levels.

You collected 105 gold pieces.

Inventory:

Hand Weapons
 a - a +0 mace (weapon)
Armour
 c - a +0 scale mail (worn)
 d - a +0 pair of boots (worn)
 m - a +0 pair of gloves (worn)
Jewellery
 h - an amulet of guardian spirit (around neck)
Scrolls
 b - 2 scrolls of immolation {unknown}
 g - 5 scrolls of teleportation {unknown}
 i - a scroll of fear {unknown}
 k - a scroll of noise {unknown}
Potions
 e - a potion of curing {unknown}
 f - a potion of berserk rage {unknown}
 j - a potion of mutation {unknown}
 l - 2 potions of attraction {unknown}


   Skills:
 * Level 4.7 Fighting
 * Level 4.2 Maces & Flails
 * Level 3.9 Armour
 + Level 2.4 Dodging


You had 5 spell levels left.
You didn't know any spells.
Your spell library was empty.

Dungeon Overview and Level Annotations

Branches:
Dungeon (3/15)

Altars:
Cheibriados
Ru


Innate Abilities, Weirdness & Mutations

You are immune to sickness and miasma.
Your stone body is resilient. (AC +4)
You are immune to poison.
You resist negative energy. (rN+)
You are resistant to electric shocks. (rElec)
You are resistant to unholy torment.
You are immune to petrification.


Message History

No target in view!
No target in view!
No target in view!
No target in view!
No target in view!
No target in view!
You hear the drain falling apart.
The walls and floor vibrate strangely for a moment.
You enter the shallow water.
Moving in this stuff is going to be slow.
You enter the shallow water.
Moving in this stuff is going to be slow.
You enter the shallow water.
Moving in this stuff is going to be slow.
You enter the shallow water.
Moving in this stuff is going to be slow.
You see here an adder corpse.
You enter the shallow water.
Moving in this stuff is going to be slow.
You enter the shallow water.
Moving in this stuff is going to be slow.
You see here a giant cockroach corpse.
You enter the shallow water.
Moving in this stuff is going to be slow.
You see here an adder skeleton.
You now have 97 gold pieces (gained 3).
b - 2 scrolls labelled FUYH IKHLUSIAB (gained 1)
g - 5 scrolls labelled JEATEBB RAMOQ IPP (gained 1)
There is a stone staircase leading up here.
You now have 105 gold pieces (gained 8).
You open the door.
There is an open door here.
There is an open door here.
You see here 18 arrows.
You see here a +0 dagger.
Things that are here:
a +0 club; a +0 chain mail You see here a +0 mace.
Done exploring.
Are you sure you want to abandon this character and quit the game? (Confirm with "yes".)

###...#.)# #.........# #..
#........# #########.# #.'
#####.......## #.# #.#
#...........######## #†# #.#
#.###:.....)..)....# #.# ### #.#
#........####..## #.##### #.#
#........# ##...## #.#...#
#########....###...#.#####.#.#.#
##.≈≈≈≈≈.###..##@#..........#.#.#
#≈#######≈#...###...#.#######.#.'
#≈##≈.≈≈#≈###.# ##......# #.#..
#≈#≈###≈#≈# #.# #......# #.#.#
#≈##..#≈#≈###.####......# #....
#≈#####.#≈#.............# ###..
##†≈≈≈≈##†#...#####.....# #..
.########.##### #.#.### #..
#.≈≈≈≈≈≈.## #.#.# #.#


There were no monsters in sight!

Vanquished Creatures
  An orc wizard (D:3)
  Natasha (thrice) (D:2)
  7 adders
  4 worms (D:3)
  An orc (D:3)
  8 endoplasms
  5 giant cockroaches
  5 goblins
  4 hobgoblins
  2 jackals (D:2)
  2 quokkas
  3 ball pythons
  5 bats
  2 frilled lizards (D:3)
  3 kobolds
  7 rats
62 creatures vanquished.

Notes
Turn   | Place    | Note
-------+----------+-------------------------------------------
     0 | D:1      | Borgoz the Gargoyle Berserker began the quest for the Orb.
     0 | D:1      | Reached XP level 1. HP: 14/14 MP: 1/1
   286 | D:1      | Reached XP level 2. HP: 19/19 MP: 2/2
   897 | D:2      | Found a snail-covered altar of Cheibriados.
  1103 | D:2      | Reached XP level 3. HP: 23/23 MP: 3/3
  1501 | D:2      | Noticed Natasha
  1509 | D:2      | Killed Natasha
  1509 | D:2      | Reached ** piety under Trog
  1525 | D:2      | Reached XP level 4. HP: 29/29 MP: 4/4
  2096 | D:2      | Noticed Natasha
  2106 | D:2      | Killed Natasha
  2542 | D:2      | Noticed Natasha
  2551 | D:2      | Killed Natasha
  2552 | D:2      | Reached XP level 5. HP: 34/34 MP: 5/5
  2640 | D:3      | Found a sacrificial altar of Ru.
  3276 | D:3      | Reached XP level 6. HP: 36/39 MP: 4/6
  3539 | D:3      | Quit the game

Illustrated notes

Levels and vault maps discovered:
D:1:      dpeg_arrival_prison, layout_basic
D:2:      layout_basic, basic_altar, minivault_26, uniq_natasha
D:3:      layout_loops_ring, nicolae_ru_great_annihilating_truth,
          gup_sewer_entry_spiral

Skill      XL: |  1  2  3  4  5 |
---------------+----------------+-----
Armour         | 3 |  3.9
Dodging        | 2 |  2.4
Fighting       | 4 |  4.7
Maces & Flails | 4 |  4.2

Action                   |  1- 3 |  4- 6 || total
-------------------------+-------+-------++-------
Melee: Mace              |    90 |   154 ||   244
Invok: Berserk           |       |     2 ||     2
 Stab: Paralysed         |       |     1 ||     1
Armor: Animal skin       |     7 |       ||     7
       Scale mail        |    41 |    91 ||   132
Dodge: Dodged            |    60 |    83 ||   143
